 Dungeon Crawl Stone Soup version 0.28-a0-828-g0121872642 (webtiles) character file.

Game seed: 2765697682678002397

467 Sweebthomas the Shield-Bearer (level 6, -18/48 HPs)
             Began as a Mummy Fighter on Nov 11, 2021.
             Killed from afar by Ijyb (24 damage)
             ... with a bolt of acid
             ... on level 5 of the Dungeon.
             The game lasted 00:04:46 (4541 turns).

Sweebthomas the Shield-Bearer (Mummy Fighter)       Turns: 4541, Time: 00:04:47

Health: -18/48     AC:  3    Str: 20    XL:     6   Next: 81%
Magic:  6/6        EV:  9    Int:  9    God:
Gold:   235        SH:  6    Dex: 11    Spells: 5/5 levels left

rFire   x . .      SeeInvis .   a - +1 trident
rCold   + . .      Faith    .   c - +1 buckler
rNeg    + + +      Spirit   .   b - +0 scale mail
rPois   ∞          Reflect  .   (no helmet)
rElec   .          Harm     .   (no cloak)
rCorr   .          Rampage  .   h - +0 pair of gloves
Will    .....                   (no boots)
Stlth   ..........              (no amulet)
HPRegen 0.16/turn               (no ring)
MPRegen 0.10/turn               (no ring)

@: corroded
A: cold resistance 1, negative energy resistance 3, torment resistance 2, heat
vulnerability 1, no potions
a: no special abilities


You were on level 5 of the Dungeon.
You visited 1 branch of the dungeon, and saw 5 of its levels.

You collected 235 gold pieces.

Inventory:

Hand Weapons
 a - a +1 trident (weapon)
Armour
 b - a +0 scale mail (worn)
 c - a +1 buckler (worn)
 h - a +0 pair of gloves (worn)
Jewellery
 f - an amulet of the acrobat
Scrolls
 d - a scroll of holy word {unknown}
 e - a scroll of enchant weapon
 g - a scroll of identify {unknown}
 i - a scroll of magic mapping {unknown}


   Skills:
 + Level 4.3 Fighting
 * Level 4.0 Polearms
 - Level 2.4 Armour
 * Level 4.5 Shields


You had 5 spell levels left.
You didn't know any spells.
Your spell library contained the following spells:

 Spells                   Type           Power      Damage    Failure   Level
 Gell's Gravitas          Tloc           0%         N/A       98%         3
 Teleport Other           Tloc           0%         N/A       98%         3
 Dispersal                Tloc           0%         N/A       100%        6


Dungeon Overview and Level Annotations

Branches:
Dungeon (5/15)
 Temple: D:4-7

Altars:
Trog

Annotations:
D:4 2 runed translucent doors, Bediveer's ghost, amateur FeBe
D:5 Ijyb


Innate Abilities, Weirdness & Mutations

You are immune to poison.
Your flesh is cold resistant. (rC+)
You are immune to negative energy. (rN+++)
You are immune to unholy pain and torment.
You are vulnerable to heat. (rF-)
You do not drink.


Message History

You open the door.
There is an open door here.
Found a fuming golden potion.
Found a pink potion.
You see here a +0 robe.
Ijyb the Twisted Goblin comes into view.
She is wielding a +0 club and carrying a wand of acid (9).
Ijyb zaps a wand.
The bolt of acid hits you!!
Ijyb is nearby!
You reach to attack!
You closely miss Ijyb. You hit Ijyb.
Ijyb is moderately wounded.
Ijyb closely misses you.
You hit Ijyb.
Ijyb is moderately wounded.
Ijyb completely misses you.
You puncture Ijyb!
Ijyb is severely wounded.
Ijyb hits you but does no damage.
You closely miss Ijyb.
Ijyb is severely wounded.
Ijyb zaps a wand.
The bolt of acid hits you!!
* * * LOW HITPOINT WARNING * * *
The acid corrodes you!
You are too injured to fight recklessly!
You are too injured to fight recklessly!
You closely miss Ijyb.
Ijyb is severely wounded.
Ijyb closely misses you.
You closely miss Ijyb.
Ijyb is severely wounded.
You block Ijyb's attack.
You hit Ijyb but do no damage.
Ijyb is severely wounded.
Ijyb hits you with a +0 club.
* * * LOW HITPOINT WARNING * * *
You closely miss Ijyb.
Ijyb is severely wounded.
Ijyb zaps a wand.
The bolt of acid hits you!!
Ouch! That really hurt!
You die...

###.###.#
#.##.##
#..)....#
#.##...
#.#.#####
#.##### #.#.#
#.#
#.#.#######.#
#.#.........#
#.###########
#.#####.#
#...g@.#
#.#######


You could see Ijyb.

Vanquished Creatures
  A black bear (D:4)
  An ogre (D:5)
  A phantom (D:5)
  Natasha (thrice) (D:2)
  A hound skeleton (D:5)
  5 adders
  An adder skeleton (D:4)
  2 worms
  5 dart slugs
  An orc (D:5)
  4 endoplasms
  4 giant cockroaches
  9 goblins
  5 hobgoblins
  5 jackals (D:1)
  A quokka (D:3)
  10 ball pythons
  3 bats
  5 frilled lizards
  2 kobolds
  11 rats
80 creatures vanquished.

Notes
Turn   | Place    | Note
-------+----------+-------------------------------------------
     0 | D:1      | Sweebthomas the Mummy Fighter began the quest for the Orb.
     0 | D:1      | Reached XP level 1. HP: 18/18 MP: 1/1
   176 | D:1      | Reached XP level 2. HP: 24/24 MP: 2/2
   330 | D:1      | Reached XP level 3. HP: 29/29 MP: 3/3
  1170 | D:2      | Noticed Natasha
  1182 | D:2      | Killed Natasha
  1183 | D:2      | Reached XP level 4. HP: 4/35 MP: 4/4
  1546 | D:2      | Noticed Natasha
  1556 | D:2      | Killed Natasha
  1598 | D:2      | Noticed Natasha
  1606 | D:2      | Killed Natasha
  1876 | D:2      | Reached XP level 5. HP: 38/42 MP: 5/5
  2013 | D:2      | Found a faded altar of an unknown god.
  3542 | D:4      | Noticed a black bear
  3556 | D:4      | Killed a black bear
  3557 | D:4      | Reached XP level 6. HP: 31/48 MP: 6/6
  3695 | D:4      | Found a bloodstained altar of Trog.
  3759 | D:4      | Found a large runed translucent door.
  3759 | D:4      | Found a large runed translucent door.
  3994 | D:4      | Noticed Bediveer's ghost (amateur FeBe)
  4009 | D:5      | Entered Level 5 of the Dungeon
  4531 | D:5      | Noticed Ijyb
  4541 | D:5      | Killed from afar by Ijyb

Illustrated notes

Levels and vault maps discovered:
D:1:      lightli_arrival_flooded_house, layout_loops_ring
D:2:      layout_loops_ring, hellmonk_ecumenical_altar_leap_of_faith,
          patterned_corridor, uniq_natasha
D:3:      layout_basic, kennysheep_generic_room_7
D:4:      layout_loops_cross, nicolae_overflow_hidden_temple,
          ebering_ghost_disaster_area, minmay_misc_feat_diagonals,
          corexii_item_surrounded_by_moat
D:5:      layout_loops_corners, grunt_temple_overflow_open, uniq_ijyb

Skill      XL: |  1  2  3  4  5  6 |
---------------+-------------------+-----
Polearms       | 2 3 4 |  4.0
Shields        | 3 4 |  4.5
Fighting       | 4 |  4.3
Armour         | |  2.4

Action                   |  1- 3 |  4- 6 || total
-------------------------+-------+-------++-------
Melee: Trident           |   128 |   174 ||   302
  Use: Scroll            |       |     4 ||     4
Armor: Scale mail        |    49 |    47 ||    96
Dodge: Dodged            |    57 |    58 ||   115
Block: Buckler           |    15 |    41 ||    56

Table legend: (Time is in decaauts)
 A = Elapsed time spent in this place.
 B = Non-inter-level travel time spent in this place.
 C = Inter-level travel time spent in this place.
 D = Time resting spent in this place.
 E = Time spent auto-exploring this place.
 F = Levels seen in this place.
 G = Mean time per level.
                   A        B        C        D        E       F      G
               +--------+--------+--------+--------+--------+-----+--------+
         Total |   4629 |   4524 |    105 |   1044 |   2825 |   5 |  925.8 |
       Dungeon |   4629 |   4524 |    105 |   1044 |   2825 |   5 |  925.8 |
               +--------+--------+--------+--------+--------+-----+--------+

Top non-repeatable levels by time:
     D:2: 1519 daAuts
     D:3: 967 daAuts
     D:1: 814 daAuts
     D:4: 792 daAuts
     D:5: 536 daAuts
